 Dungeon Crawl Stone Soup version 0.26-a0-1079-g3a4175ecf3 (webtiles) character file.

Game seed: 8320427591861610365

477 KristoblXynda the Slasher (level 6, -5/53 HPs)
             Began as a Draconian Gladiator on Dec 14, 2020.
             Killed by divine providence
             ... invoked by an orc priest
              (10 damage)
             ... on level 5 of the Dungeon.
             The game lasted 00:04:36 (4130 turns).

KristoblXynda the Slasher (Draconian Gladiator)     Turns: 4130, Time: 00:04:37

Health: -5/53      AC:  9    Str: 16    XL:     6   Next: 85%
Magic:  6/6        EV: 14    Int: 11    God:
Gold:   241        SH:  0    Dex: 12    Spells: 5/5 levels left

rFire    . . .     SeeInvis .   a - +0 long sword
rCold    . . .     Faith    .   (no shield)
rNeg     . . .     Spirit   .   (armour unavailable)
rPois    .         Reflect  .   b - +0 hat
rElec    .         Harm     .   j - +2 cloak {Will+}
rCorr    .         Rampage  .   (no gloves)
Will     +....                  (no boots)
Stlth    +.........             (no amulet)
HPRegen  0.17/turn              (no ring)
MPRegen  0.10/turn              (no ring)

@: no status effects
A: unfitting armour, cold-blooded, AC +6
a: no special abilities


You were on level 5 of the Dungeon.
You visited 1 branch of the dungeon, and saw 5 of its levels.

You collected 241 gold pieces.

Inventory:

Hand Weapons
 a - a +0 long sword (weapon)
Missiles
 c - 2 throwing nets (quivered)
Armour
 b - a +0 hat (worn)
 j - a +2 cloak of willpower (worn)
 x - a scarf of invisibility
Wands
 t - a wand of disintegration (10)
 u - a wand of iceblast (8)
Scrolls
 d - a scroll of magic mapping
 e - a scroll of fear
 h - 2 scrolls of remove curse
 k - 2 scrolls of enchant armour {unknown}
 l - a scroll of amnesia {unknown}
 m - a scroll of immolation {unknown}
 o - a scroll of enchant weapon {unknown}
 p - a scroll of fog {unknown}
 s - a scroll of teleportation
Potions
 f - a potion of heal wounds
 g - a potion of might {unknown}
 i - a potion of ambrosia {unknown}
 n - 3 potions of cancellation {unknown}
 q - a potion of attraction
 r - a potion of curing
 v - a potion of mutation {unknown}
 w - a potion of lignification {unknown}


   Skills:
 + Level 4.4 Fighting
 * Level 5.8 Long Blades
 - Level 2.1 Throwing
 + Level 4.2 Dodging


You had 5 spell levels left.
You didn't know any spells.
Your spell library contained the following spells:

 Spells                   Type           Power        Failure   Level
 Beastly Appendage        Tmut           #.....       34%         1
 Magic Dart               Conj           #...         34%         1
 Searing Ray              Conj           #.....       47%         2
 Wereblood                Tmut           #.......     47%         2
 Dazzling Flash           Conj/Hex       #.....       71%         3
 Spider Form              Tmut/Pois      #.........   71%         3
 Fulminant Prism          Conj/Hex       #.........   98%         4
 Ice Form                 Ice/Tmut       #.......     98%         4
 Iskenderun's Mystic Bla  Conj/Tloc      #.......     98%         4
 Blade Hands              Tmut           #.........   100%        5


Dungeon Overview and Level Annotations

Branches:
Dungeon (5/15)
 Temple: D:4-7

Altars:
Zin
The Shining One


Innate Abilities, Weirdness & Mutations

Your plain brown scales are hard. (AC +6)
You cannot fit into any form of body armour.
You are cold-blooded and may be slowed by cold attacks.


Message History

The orc priest closely misses you. The orc closely misses you.
You hit the orc but do no damage.
The orc is heavily wounded.
The orc priest hits you from afar with a +0 trident.
The orc hits you but does no damage.
You hit the orc but do no damage.
The orc is heavily wounded.
The orc priest hits you but does no damage.
The orc hits you with a +0 whip of flaming.
The orc burns you.
You hit the orc.
You kill the orc!
The orc priest mumbles some strange prayers to Beogh against you.
Pain shoots through your body!
The orc priest mumbles some strange prayers to Beogh against you.
Beogh smites you!
* * * LOW HITPOINT WARNING * * *
The orc priest mumbles some strange prayers to Beogh against you.
Beogh smites you!
You die...

#. #.##.# #.#
#.###.##.# #..
#.#.#.##.# #..
###........#######.
+..................
.
####....##########.
... ##.### #...
....o#######.# #.##
#....oo..@...# #.#
##+#.######..# #.#
#..# #.# ...# #.#
....# #.# ###.##
#.# #.# #.## #.#
#... ..# ####


You could see 2 orc priests and an orc.

Vanquished Creatures
  A scorpion (D:4)
  2 iguanas
  Natasha (thrice) (D:3)
  4 worker ants (D:4)
  3 gnolls (D:3)
  9 adders
  An ooze (D:2)
  2 dart slugs
  11 leopard geckos
  2 orcs
  A ball python (D:2)
  6 bats
  4 giant cockroaches
  8 hobgoblins
  6 jackals
  A quokka (D:4)
  5 frilled lizards
  5 goblins
  A jackal zombie (D:5)
  11 kobolds
  5 rats
91 creatures vanquished.

Notes
Turn   | Place    | Note
-------+----------+-------------------------------------------
     0 | D:1      | KristoblXynda the Draconian Gladiator began the quest for
                  | the Orb.
     0 | D:1      | Reached XP level 1. HP: 17/17 MP: 1/1
   141 | D:1      | Reached XP level 2. HP: 25/25 MP: 2/2
   504 | D:1      | Reached XP level 3. HP: 30/30 MP: 3/3
  1155 | D:2      | Found a faded altar of an unknown god.
  1282 | D:2      | Reached XP level 4. HP: 36/38 MP: 4/4
  1291 | D:2      | Found a glowing golden altar of the Shining One.
  1590 | D:3      | Reached skill level 4 in Long Blades
  2219 | D:3      | Noticed Natasha
  2227 | D:3      | Killed Natasha
  2228 | D:3      | Reached XP level 5. HP: 37/45 MP: 5/5
  2308 | D:3      | Noticed Natasha
  2316 | D:3      | Killed Natasha
  2383 | D:3      | Noticed Natasha
  2396 | D:3      | Killed Natasha
  2661 | D:4      | Reached skill level 5 in Long Blades
  2799 | D:4      | Reached XP level 6. HP: 50/52 MP: 6/6
  3835 | D:5      | Entered Level 5 of the Dungeon
  4010 | D:5      | Found a glowing silver altar of Zin.
  4130 | D:5      | Killed from afar by an orc priest

Illustrated notes

Levels and vault maps discovered:
D:1:      lemuel_arrival_lava_pool, layout_loops_ring, minmay_tetromino_o2
D:2:      layout_loops_cross, old_standard_altar,
          chequers_ecumenical_altar_simple_redux
D:3:      layout_basic, uniq_natasha
D:4:      layout_rooms
D:5:      layout_loops_corners, lemuel_round_altar,
          minmay_temple_entry_mini_moons

Skill      XL: |  1  2  3  4  5  6 |
---------------+-------------------+-----
Throwing       | 2 |  2.1
Dodging        | 3 4 |  4.2
Fighting       | 3 4 |  4.4
Long Blades    | 4 5 |  5.8

Action                   |  1- 3 |  4- 6 || total
-------------------------+-------+-------++-------
Melee: Long sword        |    91 |   181 ||   272
       Tailslap          |     6 |    20 ||    26
Throw: Throwing net      |       |     1 ||     1
  Use: Scroll            |       |     6 ||     6
       Potion            |       |     1 ||     1
 Stab: Sleeping          |     3 |     2 ||     5
Armor: Skin              |    32 |    63 ||    95
Dodge: Dodged            |    77 |   156 ||   233
       Rpst.: Long sword |    19 |    44 ||    63

Table legend: (Time is in decaauts)
 A = Elapsed time spent in this place.
 B = Non-inter-level travel time spent in this place.
 C = Inter-level travel time spent in this place.
 D = Time resting spent in this place.
 E = Time spent auto-exploring this place.
 F = Levels seen in this place.
 G = Mean time per level.
                   A        B        C        D        E       F      G
               +--------+--------+--------+--------+--------+-----+--------+
         Total |   4178 |   3951 |    227 |    941 |   2226 |   5 |  835.6 |
       Dungeon |   4178 |   3951 |    227 |    941 |   2226 |   5 |  835.6 |
               +--------+--------+--------+--------+--------+-----+--------+

Top non-repeatable levels by time:
     D:4: 1214 daAuts
     D:3: 1054 daAuts
     D:1: 935 daAuts
     D:2: 676 daAuts
     D:5: 296 daAuts
